 Dungeon Crawl Stone Soup version 0.28.0-53-g5a82cb258f (webtiles) character file.

Game seed: 6480815873583752349

5 eooof the Firebug (level 1, -6/14 HPs)
             Began as a Hill Orc Fire Elementalist on June 29, 2022.
             Mangled by a gnoll
             ... wielding a +0 flail
              (11 damage)
             ... on level 1 of the Dungeon.
             The game lasted 00:00:47 (112 turns).

eooof the Firebug (Hill Orc Fire Elementalist)       Turns: 112, Time: 00:00:47

Health: -6/14      AC:  2    Str: 10    XL:     1   Next: 80%
Magic:  1/3        EV: 12    Int: 15    God:
Gold:   5          SH:  0    Dex: 11    Spells: 2/3 levels left

rFire   . . .      SeeInvis .   (no weapon)
rCold   . . .      Faith    .   (no shield)
rNeg    . . .      Spirit   .   a - +0 robe
rPois   .          Reflect  .   (no helmet)
rElec   .          Harm     .   (no cloak)
rCorr   .          Rampage  .   (no gloves)
Will    .....                   (no boots)
Stlth   ++........              (no amulet)
HPRegen 0.04/turn               (no ring)
MPRegen 0.08/turn               (no ring)

@: no status effects
A: no striking features
a: no special abilities


You were on level 1 of the Dungeon.
You visited 1 branch of the dungeon, and saw 1 of its levels.

You collected 5 gold pieces.

Inventory:

Armour
 a - a +0 robe (worn)


   Skills:
 + Level 1.6 Dodging
 + Level 1.7 Stealth
 + Level 1.6 Spellcasting
 + Level 1.1 Conjurations
 + Level 3.3 Fire Magic


You had 2 spell levels left.
You knew the following spells:

 Your Spells              Type           Power      Damage    Failure   Level
a - Foxfire               Conj/Fire      32%        2x1d5     9%          1

Your spell library contained the following spells:

 Spells                   Type           Power      Damage    Failure   Level
 Scorch                   Fire           22%        2d6       9%          2
 Conjure Flame            Conj/Fire      8%         6-21      26%         3
 Inner Flame              Hex/Fire       6%         N/A       34%         3
 Flame Wave               Conj/Fire      8%         2d5       65%         4


Dungeon Overview and Level Annotations

Branches:
Dungeon (1/15)

Altars:


Message History

You kill the endoplasm!
Found a book of Geomancy.
A giant cockroach and a gnoll come into view.
Found 2 inky potions.
The gnoll shouts!
Casting: Foxfire (safe; 9% risk of failure)
Confirm with . or Enter, or press ? or * to list all spells.
You conjure some foxfire!
Your foxfire dissipates!
The foxfire hits the gnoll.
The gnoll is lightly wounded.
Casting: Foxfire (safe; 9% risk of failure)
Confirm with . or Enter, or press ? or * to list all spells.
You conjure some foxfire!
The foxfire hits the gnoll but does no damage.
The gnoll is lightly wounded.
The foxfire hits the gnoll.
The gnoll is severely wounded.
A bat comes into view.
You hit the gnoll.
The gnoll is severely wounded.
The gnoll hits you with a +0 flail!
Ouch! That really hurt!
You hit the gnoll but do no damage.
The gnoll is severely wounded.
The bat hits you. The gnoll hits you with a +0 flail.
You hit the gnoll but do no damage.
The gnoll is severely wounded.
The bat completely misses you. The gnoll completely misses you.
You hit the gnoll but do no damage.
The gnoll is severely wounded.
The gnoll closely misses you. The bat barely misses you.
You closely miss the gnoll.
The gnoll is severely wounded.
The bat misses you. The gnoll closely misses you. The bat closely misses you.
You barely miss the gnoll.
The gnoll is severely wounded.
The bat hits you but does no damage. The gnoll hits you with a +0 flail!
Ouch! That really hurt!
You die...

#. #. #. #. #### #######
#. #..## ##.....# #.
####.b.# #......# #.
##+#......####......###.
.......@g...............
.....#+#######.......###
... #....†..# .
#.......# ########.).#
#..(.......#
#.########## #.# #.#


You could see a gnoll and a bat.

Vanquished Creatures
  A ball python (D:1)
  An endoplasm (D:1)
  A goblin (D:1)
  A hobgoblin (D:1)
4 creatures vanquished.

Vanquished Creatures (others)
  9 foxfires (D:1)
9 creatures vanquished.

Grand Total: 13 creatures vanquished

Notes
Turn   | Place    | Note
-------+----------+-------------------------------------------
     0 | D:1      | eooof the Hill Orc Fire Elementalist began the quest for
                  | the Orb.
     0 | D:1      | Reached XP level 1. HP: 14/14 MP: 3/3
   112 | D:1      | Mangled by a gnoll

Illustrated notes

Levels and vault maps discovered:
D:1:      matt_arrival_refuge, layout_basic,
          hellmonk_ecumenical_altar_defaced_shrine

Action                   || total
-------------------------++-------
Melee: Unarmed           ||     8
 Cast: Foxfire           ||     7
Armor: Robe              ||     1
Dodge: Dodged            ||     8
